 Dungeon Crawl Stone Soup version 0.27.1-33-g824d729ab1 (webtiles) character file.

Game seed: 9906588315926938401

238 unlimited1921 the Firebug (level 6, -3/55 HPs)
             Began as an Ogre Fire Elementalist on Dec 2, 2021.
             Slain by a gnoll shaman (9 damage)
             ... on level 3 of the Dungeon.
             The game lasted 00:16:17 (4104 turns).

unlimited1921 the Firebug (Ogre Fire Elementalist)  Turns: 4104, Time: 00:16:18

Health: -3/55      AC:  3    Str: 14    XL:     6   Next: 7%
Magic:  9/11       EV: 10    Int: 17    God:
Gold:   114        SH:  0    Dex:  9    Spells: 8/12 levels left

rFire    x . .     SeeInvis .   o - +0 short sword
rCold    + . .     Faith    .   (no shield)
rNeg     . . .     Spirit   .   a - +0 robe
rPois    .         Reflect  .   (helmet restricted)
rElec    .         Harm     .   (no cloak)
rCorr    .         Rampage  .   (gloves unavailable)
Will     .....                  (boots unavailable)
Stlth    ++........             (no amulet)
HPRegen  0.18/turn              r - ring of ice
MPRegen  0.12/turn              (no ring)

@: no status effects
A: large, unfitting armour, tough skin 1
a: no special abilities


You were on level 3 of the Dungeon.
You visited 1 branch of the dungeon, and saw 4 of its levels.

You collected 114 gold pieces.

Inventory:

Hand Weapons
 b - a +0 whip
 d - a +1 dagger of holy wrath
 n - a +0 spear
 o - a +0 short sword (weapon)
 t - a +1 dagger of draining
 x - a +0 hand axe
 y - a +0 mace
 z - a +0 flail
Missiles
 p - 19 bolts
 q - a throwing net (quivered)
 v - 7 javelins
Armour
 a - a +0 robe (worn)
Jewellery
 r - a ring of ice (left hand)
Scrolls
 c - 2 scrolls of teleportation {unknown}
 g - a scroll of immolation {unknown}
 h - 6 scrolls of identify {unknown}
 i - a scroll of acquirement {unknown}
 k - a scroll of amnesia {unknown}
 l - 2 scrolls of fear {unknown}
 s - a scroll of magic mapping {unknown}
 u - a scroll of summoning {unknown}
Potions
 e - 2 potions of curing {unknown}
 f - a potion of magic {unknown}
 j - 2 potions of might {unknown}
 m - a potion of mutation {unknown}
 w - a potion of attraction {unknown}


   Skills:
 * Level 1.3 Fighting
 + Level 2.0 Dodging
 + Level 2.2 Stealth
 + Level 3.6 Spellcasting
 + Level 2.4 Conjurations
 + Level 4.2 Fire Magic


You had 8 spell levels left.
You knew the following spells:

 Your Spells              Type           Power      Damage    Failure   Level
a - Foxfire               Conj/Fire      56%        2x1d6     4%          1
b - Inner Flame           Hex/Fire       10%        N/A       21%         3

Your spell library contained the following spells:

 Spells                   Type           Power      Damage    Failure   Level
 Conjure Flame            Conj/Fire      14%        6-21      13%         3
 Sticky Flame             Conj/Fire      14%        2d4       38%         4
 Gell's Gravitas          Tloc           1%         N/A       45%         3
 Teleport Other           Tloc           3%         N/A       45%         3
 Fireball                 Conj/Fire      7%         3d5       75%         5
 Dispersal                Tloc           1%         N/A       100%        6


Dungeon Overview and Level Annotations

Branches:
Dungeon (4/15)
 Temple: D:4-7

Altars:
Fedhas

Shops:
D:1 =?[*   D:2 [


Innate Abilities, Weirdness & Mutations

You are too large for most types of armour.
You have tough skin. (AC +1)


Message History

The gnoll shaman hits you with a +0 club.
The gnoll hits you with a +0 whip.
There is a stone staircase leading up, spattered with blood here.
The gnoll shaman hits you with a +0 club.
The gnoll hits you with a +0 whip.
The gnoll hits you from afar with a +0 halberd!
You climb upwards.
There is a stone staircase leading down here.
Casting: Foxfire (safe; 4% risk of failure)
Confirm with . or Enter, or press ? or * to list all spells.
You conjure some foxfire!
The gnoll shaman hits you with a +0 club.
The gnoll hits you but does no damage.
You hit the gnoll.
The gnoll is moderately wounded.
The foxfire hits the gnoll.
The gnoll is heavily wounded.
The gnoll shaman calls upon its god to heal the gnoll.
The gnoll is healed somewhat.
The gnoll barely misses you.
The gnoll shaman hits you with a +0 club.
Casting: Foxfire (safe; 4% risk of failure)
Confirm with . or Enter, or press ? or * to list all spells.
You conjure some foxfire!
The gnoll hits you but does no damage.
The gnoll shaman hits you with a +0 club.
You hit the gnoll but do no damage.
The gnoll is lightly wounded.
The foxfire hits the gnoll.
The gnoll is lightly wounded.
The gnoll hits you with a +0 whip.
The gnoll shaman hits you but does no damage.
The gnoll barely misses you.
The gnoll shaman hits you with a +0 club.
* * * LOW HITPOINT WARNING * * *
The gnoll hits you with a +0 whip.
* * * LOW HITPOINT WARNING * * *
The gnoll shaman barely misses you. The gnoll hits you with a +0 whip!
* * * LOW HITPOINT WARNING * * *
There is a stone staircase leading down, spattered with blood here.
The gnoll shaman hits you with a +0 club!
You die...

#.#.#...........#...#.......#
.[...รท..[.......#..#####....#
......#######......# #....#
#.....# ####..#.#.### #....#
#.....# #....##.#...###....#
#.....# #.#####.###..##....#
#.....# ##.# #.# ##.##.####
......# #..# #g## #.##.####
......# #.## #@.# #.[.....#
......# #.# ####g# #.......#
#########.# #....###.......#
##.....# #.....##.......#
#..##### #.....##.......#
####.#########......#.......#
..>...............#.........#
##........#.##....##....#####
##........#.##....#####.###


You could see a gnoll shaman and a gnoll.

Vanquished Creatures
  Natasha (thrice) (D:3)
  6 gnolls
  6 adders
  3 orcs (D:3)
  5 ball pythons
  4 endoplasms
  4 giant cockroaches
  4 goblins
  3 hobgoblins
  A quokka (D:1)
  4 bats
  A frilled lizard (D:1)
  8 kobolds
  6 rats
58 creatures vanquished.

Vanquished Creatures (others)
  211 foxfires
  4 withered plants (D:1)
215 creatures vanquished.

Grand Total: 273 creatures vanquished

Notes
Turn   | Place    | Note
-------+----------+-------------------------------------------
     0 | D:1      | unlimited1921 the Ogre Fire Elementalist began the quest
                  | for the Orb.
     0 | D:1      | Reached XP level 1. HP: 16/16 MP: 3/3
   425 | D:1      | Found Duhod's Magic Scroll Boutique.
   496 | D:1      | Reached skill level 3 in Fire Magic
   500 | D:1      | Reached XP level 2. HP: 24/24 MP: 1/5
   707 | D:1      | Found a faded altar of an unknown god.
   726 | D:1      | Found Coimiu's Armour Shop.
   760 | D:1      | Found Caibbuus's Assorted Antiques.
   982 | D:1      | Reached skill level 1 in Conjurations
  1081 | D:1      | Found Leamm's Jewellery Shoppe.
  1439 | D:2      | Reached XP level 3. HP: 31/31 MP: 1/7
  1625 | D:1      | Reached XP level 4. HP: 16/39 MP: 1/8
  2011 | D:2      | Found Nubris's Antique Armour Emporium.
  3064 | D:3      | Noticed Natasha
  3071 | D:3      | Killed Natasha
  3072 | D:3      | Reached skill level 4 in Fire Magic
  3072 | D:3      | Reached XP level 5. HP: 46/46 MP: 2/10
  3187 | D:3      | Noticed Natasha
  3195 | D:3      | Killed Natasha
  3302 | D:3      | Reached skill level 1 in Fighting
  3306 | D:3      | Noticed Natasha
  3311 | D:3      | Killed Natasha
  3461 | D:3      | Learned a level 3 spell: Inner Flame
  3671 | D:3      | Found a blossoming altar of Fedhas.
  3803 | D:3      | Reached XP level 6. HP: 42/55 MP: 6/11
  4104 | D:3      | Slain by a gnoll shaman

Illustrated notes

Levels and vault maps discovered:
D:1:      dpeg_arrival_three_bigger_balls, layout_rooms,
          ebering_ecumenical_altar_petrified, serial_shops, nicolae_shop_stone,
          nicolae_square_shop, shop, shop_fountains, minmay_misc_feat_roman
D:2:      layout_basic, serial_shops, nicolae_shop_statue_plus
D:3:      layout_rooms, overflow_temple_1_default, minmay_close_crescents,
          uniq_natasha
D:4:      layout_gridville, nzn_overflow_gifts_of_might_and_magic, slow_altar_1,
          minmay_temple_entry_stoned_glass

Skill      XL: |  1  2  3  4  5 |
---------------+----------------+-----
Fire Magic     | 3 4 |  4.2
Conjurations   | 1 2 |  2.4
Dodging        | 2 |  2.0
Spellcasting   | 3 |  3.6
Stealth        | 2 |  2.2
Fighting       | 1 |  1.3

Action                   |  1- 3 |  4- 6 || total
-------------------------+-------+-------++-------
Melee: Dagger            |    11 |       ||    11
       Short sword       |       |    14 ||    14
 Cast: Foxfire           |    34 |    89 ||   123
Armor: Robe              |     2 |     7 ||     9
Dodge: Dodged            |     8 |    12 ||    20
